[Event "Panevezys Elite 2018"]
[Site "Panevezys"]
[Date "2018.07.04"]
[Round "7.1"]
[White "Stremavicius, Titas"]
[Black "Laurusas, Tomas"]
[Result "1/2-1/2"]
[ECO "D91"]
[WhiteElo "2448"]
[BlackElo "2465"]
[Annotator "ChessBase"]
[PlyCount "64"]
[EventDate "2018.06.29"]
[EventType "swiss"]
[EventRounds "9"]
[EventCountry "LTU"]
[SourceTitle "playchess.com"]
[Source "ChessBase"]
[SourceQuality "1"]
[TimeControl "40/5400+30:1800+30"]

1. c4 Nf6 2. Nc3 d5 3. d4 g6 4. Nf3 Bg7 5. Bg5 Ne4 6. cxd5 Nxc3 7. bxc3 Qxd5 8. e3 c5 9. Bd3 cxd4 10. cxd4 Bg4 11. Rb1 Nc6 12. Rxb7 O-O 13. Rb5 Qxa2 14. O-O e5 15. d5 a6 16. Rc5 Nb4 17. Bb1 Qa3 18. Be7 Rfc8 19. Qd2 a5 20. Rb5 Rab8 21. Rxb8 Rxb8 22. Bd6 Re8 23. h3 Bxf3 24. gxf3 Rd8 25. Be7 Rd7 26. Bc5 Qb3 27. Bxb4 Qxb4 28. Qxb4 axb4 29. Ba2 Rc7 30. d6 Rc2 31. Bd5 Rd2 32. e4 b3 1/2-1/2

[Event "Panevezys Elite 2018"]
[Site "Panevezys"]
[Date "2018.07.04"]
[Round "7.2"]
[White "Badelka, Olga"]
[Black "Starostits, Ilmars"]
[Result "0-1"]
[ECO "A20"]
[WhiteElo "2407"]
[BlackElo "2449"]
[Annotator "ChessBase"]
[PlyCount "72"]
[EventDate "2018.06.29"]
[EventType "swiss"]
[EventRounds "9"]
[EventCountry "LTU"]
[SourceTitle "playchess.com"]
[Source "ChessBase"]
[SourceQuality "1"]
[TimeControl "40/5400+30:1800+30"]

1. c4 e5 2. g3 Nc6 3. Bg2 Bc5 4. Nc3 a6 5. e3 Ba7 6. Nge2 d6 7. d4 h5 8. h3 h4 9. g4 f5 10. gxf5 Bxf5 11. a3 Nf6 12. b4 O-O 13. c5 e4 14. Nf4 dxc5 15. bxc5 Qd7 16. Qb3+ Kh7 17. Bb2 Na5 18. Qb4 Nc6 19. Qa4 b5 20. Qc2 Rae8 21. O-O-O b4 22. Nb1 g5 23. Ne2 Nd5 24. a4 b3 25. Qxb3 Na5 26. Qa3 Bg6 27. Rhf1 Rb8 28. Nd2 Rb4 29. Bxe4 Bxe4 30. Nxe4 Nb3+ 31. Kc2 Qf5 32. N2c3 Rfb8 33. Nxd5 Qxe4+ 34. Kc3 Rc4+ 35. Kxc4 Qc2+ 36. Nc3 Na5+ 0-1

[Event "Panevezys Elite 2018"]
[Site "Panevezys"]
[Date "2018.07.04"]
[Round "7.3"]
[White "Bjerre, Jonas Buhl"]
[Black "Harutjunyan, Gevorg"]
[Result "1/2-1/2"]
[ECO "B19"]
[WhiteElo "2436"]
[BlackElo "2418"]
[Annotator "ChessBase"]
[PlyCount "149"]
[EventDate "2018.06.29"]
[EventType "swiss"]
[EventRounds "9"]
[EventCountry "LTU"]
[SourceTitle "playchess.com"]
[Source "ChessBase"]
[SourceQuality "1"]
[TimeControl "40/5400+30:1800+30"]

1. e4 c6 2. d4 d5 3. Nc3 dxe4 4. Nxe4 Bf5 5. Ng3 Bg6 6. h4 h6 7. Nf3 Nd7 8. h5 Bh7 9. Bd3 Bxd3 10. Qxd3 e6 11. Bd2 Bd6 12. Ne4 Bc7 13. g4 Ngf6 14. O-O-O Qe7 15. Nxf6+ Nxf6 16. Ne5 O-O-O 17. f4 Bxe5 18. fxe5 Nxg4 19. Qg3 Rxd4 20. Rh4 Rxd2 21. Rxd2 Nxe5 22. Qxg7 Re8 23. Re4 Nf3 24. Rg2 Rd8 25. Qc3 Nh4 26. Rg1 Nf5 27. Qa5 Qd6 28. Ree1 Qf4+ 29. Kb1 Qd4 30. a3 Ne3 31. Qb4 Qxb4 32. axb4 Nf5 33. c3 Kc7 34. Kc1 Rd5 35. Rg8 Nd6 36. Rh1 a5 37. Rh8 axb4 38. Rxh6 b3 39. Rh8 Nc4 40. Ra8 Rd2 41. Ra4 Rc2+ 42. Kb1 Rxb2+ 43. Ka1 b5 44. Ra3 Rg2 45. Rxb3 Rg8 46. Rh2 Ra8+ 47. Ra2 Rh8 48. Rh2 Rh6 49. Rb1 Kd6 50. Rd1+ Ke7 51. Ka2 e5 52. Kb3 e4 53. Kb4 f5 54. Kc5 Ne5 55. Ra1 Nd3+ 56. Kd4 Kd6 57. Ra8 c5+ 58. Ke3 Kd5 59. Rd8+ Kc4 60. Rf8 Kxc3 61. Rxf5 b4 62. Kxe4 b3 63. Rf1 c4 64. Kf5 b2 65. Kg5 Rh8 66. h6 Rg8+ 67. Kh5 Nf4+ 68. Kh4 Nd3 69. Kh5 Kb3 70. h7 Rh8 71. Kg6 c3 72. Rb1 c2 73. Rxc2 Kxc2 74. Rxb2+ Kxb2 75. Kg7 1/2-1/2

[Event "Panevezys Elite 2018"]
[Site "Panevezys"]
[Date "2018.07.04"]
[Round "7.4"]
[White "Ratsma, Midas"]
[Black "Kveinys, Aloyzas"]
[Result "0-1"]
[ECO "E32"]
[WhiteElo "2253"]
[BlackElo "2537"]
[Annotator "ChessBase"]
[PlyCount "42"]
[EventDate "2018.06.29"]
[EventType "swiss"]
[EventRounds "9"]
[EventCountry "LTU"]
[SourceTitle "playchess.com"]
[Source "ChessBase"]
[SourceQuality "1"]
[TimeControl "40/5400+30:1800+30"]

1. d4 Nf6 2. c4 e6 3. Nc3 Bb4 4. Qc2 O-O 5. Nf3 c5 6. dxc5 Bxc5 7. Bf4 b6 8. e3 Bb7 9. Be2 Be7 10. Rd1 a6 11. O-O Qc8 12. Ng5 h6 13. Nge4 Ne8 14. Qb3 Nc6 15. Na4 Na5 16. Qxb6 Bxe4 17. Qxa5 Qc6 18. Nc3 Bxg2 19. Nd5 Bd8 20. Qxd8 exd5 21. cxd5 Qg6 0-1

[Event "Panevezys Elite 2018"]
[Site "Panevezys"]
[Date "2018.07.04"]
[Round "7.5"]
[White "Grib, Roman"]
[Black "Priyanka Nutakki"]
[Result "1/2-1/2"]
[ECO "C19"]
[WhiteElo "2445"]
[BlackElo "2180"]
[Annotator "ChessBase"]
[PlyCount "87"]
[EventDate "2018.06.29"]
[EventType "swiss"]
[EventRounds "9"]
[EventCountry "LTU"]
[SourceTitle "playchess.com"]
[Source "ChessBase"]
[SourceQuality "1"]
[TimeControl "40/5400+30:1800+30"]

1. e4 e6 2. d4 d5 3. Nc3 Bb4 4. e5 c5 5. a3 Bxc3+ 6. bxc3 Ne7 7. Nf3 Nbc6 8. a4 Qa5 9. Bd2 Bd7 10. Bb5 a6 11. Bxc6 Nxc6 12. O-O O-O 13. h4 f6 14. Re1 fxe5 15. Nxe5 Nxe5 16. Rxe5 Qc7 17. Qg4 cxd4 18. Qxd4 Rac8 19. Rg5 Rf7 20. Rb1 b5 21. axb5 axb5 22. h5 Qc5 23. Qh4 Qc4 24. Qg3 Qc7 25. Re5 Rf6 26. Rb4 Rf5 27. f4 Qa7+ 28. Kh2 Rxe5 29. fxe5 Rc4 30. Qg5 Be8 31. h6 Qf7 32. Kg1 Qg6 33. Qe7 Qf7 34. Qg5 Qg6 35. Qd8 Rxb4 36. cxb4 Qh5 37. Be1 gxh6 38. Bh4 Qd1+ 39. Kh2 Qh5 40. Kg1 Qd1+ 41. Kh2 Qh5 42. Kh1 Qd1+ 43. Kh2 Qh5 44. Kg1 1/2-1/2

[Event "Panevezys Elite 2018"]
[Site "Panevezys"]
[Date "2018.07.04"]
[Round "7.6"]
[White "Vovk, Ilja"]
[Black "Berzina, Ilze"]
[Result "1/2-1/2"]
[ECO "A07"]
[WhiteElo "2273"]
[BlackElo "2173"]
[Annotator "ChessBase"]
[PlyCount "105"]
[EventDate "2018.06.29"]
[EventType "swiss"]
[EventRounds "9"]
[EventCountry "LTU"]
[SourceTitle "playchess.com"]
[Source "ChessBase"]
[SourceQuality "1"]
[TimeControl "40/5400+30:1800+30"]

1. Nf3 d5 2. g3 Bg4 3. Bg2 c6 4. O-O Nf6 5. d3 e6 6. c4 Bd6 7. cxd5 cxd5 8. Qb3 Qb6 9. Qxb6 axb6 10. Nc3 Nc6 11. Nb5 Ke7 12. Nxd6 Kxd6 13. Bf4+ Kd7 14. Be3 Ra6 15. a3 Bxf3 16. Bxf3 Kd6 17. Rac1 Nd7 18. Bg2 Ra4 19. Bf4+ Ke7 20. e4 d4 21. Bf3 Nc5 22. Bd1 Raa8 23. Bc2 Na4 24. Bxa4 Rxa4 25. Rc2 Rc8 26. Rfc1 Kd7 27. Bd2 Raa8 28. f4 Na5 29. Bxa5 bxa5 30. Rc4 b5 31. Rc5 f6 32. f5 exf5 33. exf5 Rxc5 34. Rxc5 Rb8 35. Rd5+ Kc6 36. Rxd4 Re8 37. Kf2 Re5 38. g4 Rc5 39. Re4 Kd5 40. Ke3 Rc2 41. b4 axb4 42. Rxb4 Kc5 43. d4+ Kc6 44. a4 bxa4 45. Rxa4 Rxh2 46. Ra7 Rh3+ 47. Ke4 h5 48. Rxg7 Rh4 49. Rf7 Rxg4+ 50. Ke3 Kd5 51. Rd7+ Kc4 52. d5 Kc5 53. Rd8 1/2-1/2

[Event "Panevezys Elite 2018"]
[Site "Panevezys"]
[Date "2018.07.04"]
[Round "7.7"]
[White "Juksta, Karolis"]
[Black "Kalinowska, Zuzanna"]
[Result "1-0"]
[ECO "E25"]
[WhiteElo "2187"]
[BlackElo "1968"]
[Annotator "ChessBase"]
[PlyCount "119"]
[EventDate "2018.06.29"]
[EventType "swiss"]
[EventRounds "9"]
[EventCountry "LTU"]
[SourceTitle "playchess.com"]
[Source "ChessBase"]
[SourceQuality "1"]
[TimeControl "40/5400+30:1800+30"]

1. d4 Nf6 2. c4 e6 3. Nc3 Bb4 4. f3 d5 5. a3 Bxc3+ 6. bxc3 c5 7. cxd5 Nxd5 8. dxc5 Qa5 9. e4 Nf6 10. Be3 O-O 11. Qb3 Nfd7 12. a4 Qc7 13. Qa3 a5 14. Rb1 Na6 15. Rb5 Ne5 16. Be2 Bd7 17. Rb1 Rfc8 18. f4 Ng6 19. Bxa6 Rxa6 20. Ne2 Bc6 21. O-O Bxe4 22. Rb2 Nh4 23. Ng3 Nf5 24. Bd4 Nxg3 25. hxg3 f6 26. Rd2 Rd8 27. Rfd1 Raa8 28. Re1 Qc6 29. Qa2 Bd5 30. Qc2 Bc4 31. Rf2 Qd5 32. g4 Bb3 33. Qc1 Bxa4 34. g5 f5 35. Re5 Qc4 36. Qe3 Bb3 37. Qf3 Rd7 38. g4 a4 39. gxf5 exf5 40. g6 a3 41. Qe3 Rf8 42. Re7 Rxd4 43. gxh7+ Kh8 44. Qxd4 Qxd4 45. cxd4 a2 46. Rf1 Bd5 47. Ra1 Ra8 48. Rd7 Bc6 49. Rd6 Be4 50. d5 Bb1 51. Rb6 Rc8 52. Rb5 Kxh7 53. Kf2 Bd3 54. Ra5 Bc4 55. d6 Rd8 56. Ra4 Bg8 57. Rb4 Bd5 58. Ke3 Re8+ 59. Kd4 Bg8 60. d7 1-0

[Event "Panevezys Elite 2018"]
[Site "Panevezys"]
[Date "2018.07.04"]
[Round "7.8"]
[White "Vicas, Marijus"]
[Black "Brazdzionis, Andrius"]
[Result "0-1"]
[ECO "B07"]
[WhiteElo "2183"]
[BlackElo "2252"]
[Annotator "ChessBase"]
[PlyCount "130"]
[EventDate "2018.06.29"]
[EventType "swiss"]
[EventRounds "9"]
[EventCountry "LTU"]
[SourceTitle "playchess.com"]
[Source "ChessBase"]
[SourceQuality "1"]
[TimeControl "40/5400+30:1800+30"]

1. e4 d6 2. d4 Nf6 3. Nc3 g6 4. Be3 Bg7 5. Qd2 c6 6. Bh6 Bxh6 7. Qxh6 Qa5 8. Bd3 c5 9. Nf3 cxd4 10. Nxd4 Nc6 11. Nb3 Qb6 12. O-O Be6 13. h3 Rg8 14. Qd2 O-O-O 15. a4 Bxb3 16. cxb3 Kb8 17. Nb5 a6 18. a5 Qc5 19. Rfc1 Nxe4 20. Bxe4 Qxb5 21. Bxc6 bxc6 22. Ra4 c5 23. Rac4 Rc8 24. Kh2 Qxb3 25. R1c3 Qa2 26. Re4 Rc7 27. Ra3 Qb1 28. Qe2 Rb7 29. Rxe7 Qxb2 30. Rxb7+ Qxb7 31. Qc4 Ka7 32. g3 Rb8 33. Re3 f5 34. h4 Qb2 35. Kg2 Qb5 36. Qe6 Qc6+ 37. Kh2 c4 38. Qf7+ Rb7 39. Qg8 Qc5 40. Kg2 Qc6+ 41. Kh2 c3 42. Re8 Rc7 43. Rb8 Qf3 44. Qd8 Qxf2+ 45. Kh3 Qf1+ 46. Kh2 Qe2+ 47. Kh3 Qf1+ 48. Kh2 Qe2+ 49. Kh3 Qe7 50. Ra8+ Kb7 51. Qb8+ Kc6 52. Rxa6+ Kd5 53. Qb5+ Ke6 54. Rc6 Kf6 55. Qc4 Rxc6 56. Qxc6 Qe3 57. Qxd6+ Kg7 58. Qc6 f4 59. Kg2 Qxg3+ 60. Kf1 Qd3+ 61. Kg1 Qe3+ 62. Kf1 f3 63. Qc4 Qd2 64. Qc7+ Kh6 65. Qg3 Qg2+ 0-1

[Event "Panevezys Elite 2018"]
[Site "Panevezys"]
[Date "2018.07.04"]
[Round "7.9"]
[White "Bekasovs, Rihards"]
[Black "Malinin, Yuri"]
[Result "1/2-1/2"]
[ECO "A06"]
[WhiteElo "2052"]
[BlackElo "2176"]
[Annotator "ChessBase"]
[PlyCount "23"]
[EventDate "2018.06.29"]
[EventType "swiss"]
[EventRounds "9"]
[EventCountry "LTU"]
[SourceTitle "playchess.com"]
[Source "ChessBase"]
[SourceQuality "1"]
[TimeControl "40/5400+30:1800+30"]

1. Nf3 d5 2. e3 Bg4 3. c4 Bxf3 4. Qxf3 e6 5. b3 Nf6 6. Bb2 Nbd7 7. Nc3 c6 8. Qd1 Bd6 9. d4 h5 10. Qc2 a6 11. Bd3 b5 12. h3 1/2-1/2

[Event "Panevezys Elite 2018"]
[Site "Panevezys"]
[Date "2018.07.04"]
[Round "7.10"]
[White "Krivonosov, Oleg"]
[Black "Prigodin, Ruslan"]
[Result "1-0"]
[ECO "D10"]
[WhiteElo "2399"]
[BlackElo "2036"]
[Annotator "ChessBase"]
[PlyCount "107"]
[EventDate "2018.06.29"]
[EventType "swiss"]
[EventRounds "9"]
[EventCountry "LTU"]
[SourceTitle "playchess.com"]
[Source "ChessBase"]
[SourceQuality "1"]
[TimeControl "40/5400+30:1800+30"]

1. Nf3 d5 2. d4 Nf6 3. c4 c6 4. cxd5 cxd5 5. Nc3 Nc6 6. Bf4 a6 7. Rc1 Nh5 8. Be5 f6 9. Bg3 e5 10. e3 Nxg3 11. hxg3 Be6 12. Be2 Be7 13. O-O O-O 14. Na4 Rc8 15. a3 exd4 16. Nxd4 Nxd4 17. Qxd4 Qd6 18. b4 Qe5 19. Nc5 Bxc5 20. Rxc5 Qxd4 21. exd4 Rxc5 22. bxc5 Bd7 23. Rb1 Bc6 24. Rb6 Rc8 25. a4 Kf7 26. f3 Ke7 27. a5 Kd8 28. Bd3 g6 29. Kf2 Kc7 30. g4 Re8 31. Rb1 Re7 32. Rb4 Re8 33. Rb6 Re7 34. Be2 Re8 35. Bd1 Re7 36. Bb3 Re8 37. Rb4 Re7 38. Ba4 Bxa4 39. Rxa4 g5 40. Rb4 Re6 41. Rb1 Kc8 42. Rh1 Re7 43. Rh6 Rf7 44. g3 Kc7 45. f4 gxf4 46. gxf4 Kc6 47. g5 Kd7 48. gxf6 Kc6 49. Kf3 Kb5 50. Kg4 Kc4 51. Kf5 Kxd4 52. Ke6 Rc7 53. f7 Rc6+ 54. Kd7 1-0

[Event "Panevezys Elite 2018"]
[Site "Panevezys"]
[Date "2018.07.04"]
[Round "7.11"]
[White "Tsiganova, Monika"]
[Black "Stasans, Aivars"]
[Result "1/2-1/2"]
[ECO "A48"]
[WhiteElo "2131"]
[BlackElo "2071"]
[Annotator "ChessBase"]
[PlyCount "41"]
[EventDate "2018.06.29"]
[EventType "swiss"]
[EventRounds "9"]
[EventCountry "LTU"]
[SourceTitle "playchess.com"]
[Source "ChessBase"]
[SourceQuality "1"]
[TimeControl "40/5400+30:1800+30"]

1. d4 Nf6 2. Nf3 g6 3. c4 Bg7 4. Nc3 O-O 5. Bf4 d6 6. h3 c5 7. e3 cxd4 8. exd4 d5 9. Be2 Nc6 10. O-O dxc4 11. Bxc4 Na5 12. Be2 Be6 13. Re1 Rc8 14. Qa4 a6 15. Rac1 Re8 16. b4 Nc4 17. b5 Nb6 18. Qa3 Nc4 19. Qa4 Nb6 20. Qa3 Nc4 21. Qa4 1/2-1/2

[Event "Panevezys Elite 2018"]
[Site "Panevezys"]
[Date "2018.07.04"]
[Round "7.12"]
[White "Van Osch, Mees"]
[Black "Parligras, Cosmin"]
[Result "1-0"]
[ECO "A00"]
[WhiteElo "2324"]
[BlackElo "2231"]
[Annotator "ChessBase"]
[PlyCount "63"]
[EventDate "2018.06.29"]
[EventType "swiss"]
[EventRounds "9"]
[EventCountry "LTU"]
[SourceTitle "playchess.com"]
[Source "ChessBase"]
[SourceQuality "1"]
[TimeControl "40/5400+30:1800+30"]

1. e4 c6 2. Nc3 d5 3. Nf3 Bg4 4. h3 Bxf3 5. Qxf3 e6 6. Be2 d4 7. Nb1 Qc7 8. O-O Nf6 9. a4 Be7 10. Na3 O-O 11. d3 Nbd7 12. Bd2 Nc5 13. Nc4 Nfd7 14. Qf4 e5 15. Qg3 Nxa4 16. Nxe5 Qxe5 17. Qxe5 Nxe5 18. Rxa4 c5 19. f4 Nc6 20. e5 a6 21. Bf3 Rac8 22. c4 Rfe8 23. Raa1 g6 24. g4 g5 25. Bd5 Kg7 26. Rae1 gxf4 27. Rxf4 Rf8 28. Rf5 f6 29. exf6+ Bxf6 30. Re6 Nd8 31. Rb6 Rc7 32. Bf4 1-0

[Event "Panevezys Elite 2018"]
[Site "Panevezys"]
[Date "2018.07.04"]
[Round "7.13"]
[White "Maryasin, Boris"]
[Black "Sinitsina, Anastassia"]
[Result "1-0"]
[ECO "A00"]
[WhiteElo "2304"]
[BlackElo "2101"]
[Annotator "ChessBase"]
[PlyCount "65"]
[EventDate "2018.06.29"]
[EventType "swiss"]
[EventRounds "9"]
[EventCountry "LTU"]
[SourceTitle "playchess.com"]
[Source "ChessBase"]
[SourceQuality "1"]
[TimeControl "40/5400+30:1800+30"]

1. e4 c5 2. Nf3 d6 3. d4 cxd4 4. Nxd4 Nf6 5. Nc3 a6 6. f4 e5 7. Nf3 Nbd7 8. a4 b6 9. Bc4 Qc7 10. Qe2 Be7 11. O-O O-O 12. Nh4 Re8 13. Nf5 Bf8 14. fxe5 Nxe5 15. Bd5 Bb7 16. Bxb7 Qxb7 17. Bg5 Nfd7 18. Nd5 Kh8 19. Ra3 f6 20. Bd2 g6 21. Rh3 Nf7 22. Qg4 Ng5 23. Bxg5 fxg5 24. Qxg5 gxf5 25. Rxh7+ Kxh7 26. Qxf5+ Kh6 27. Qh3+ Kg7 28. Qg4+ Kh6 29. Rf3 Kh7 30. Rf7+ Kh6 31. Qh4+ Kg6 32. Qh7+ Kg5 33. Rf5+ 1-0

[Event "Panevezys Elite 2018"]
[Site "Panevezys"]
[Date "2018.07.05"]
[Round "8"]
[White "Laurusas, Tomas"]
[Black "Priyanka, Nutakki"]
[Result "1-0"]
[ECO "A21"]
[WhiteElo "2453"]
[BlackElo "2181"]
[Annotator "ChessBase"]
[PlyCount "77"]
[EventDate "2018.06.29"]
[EventType "swiss"]
[EventRounds "9"]
[EventCountry "LTU"]
[SourceTitle "playchess.com"]
[Source "ChessBase"]
[SourceQuality "1"]
[TimeControl "40/5400+30:1800+30"]

1. c4 e5 2. Nc3 Bb4 3. e3 Nf6 4. Nge2 O-O 5. a3 Bxc3 6. Nxc3 a5 7. d4 exd4 8. Qxd4 Nc6 9. Qd1 d6 10. Be2 Bf5 11. O-O Ne4 12. Bd2 Nc5 13. b3 Bd3 14. Bxd3 Nxd3 15. Qc2 Nc5 16. Rad1 Re8 17. Bc1 Qc8 18. Bb2 Ne5 19. Nd5 Ned7 20. Rd4 c6 21. Nf4 Qc7 22. Rfd1 Rad8 23. Rxd6 Nf6 24. Rxd8 Rxd8 25. Bxf6 gxf6 26. h3 Rxd1+ 27. Qxd1 Qe5 28. Qg4+ Kf8 29. Qc8+ Qe8 30. Qf5 Qe5 31. Qxh7 Nxb3 32. Qd3 a4 33. Qd8+ Kg7 34. g4 Qa1+ 35. Kg2 Qe5 36. Nh5+ Kh7 37. Nxf6+ Kg6 38. Nh5 Qe4+ 39. f3 1-0

[Event "Panevezys Elite 2018"]
[Site "Panevezys"]
[Date "2018.07.05"]
[Round "8"]
[White "Bjerre, Jonas Buhl"]
[Black "Stremavicius, Titas"]
[Result "0-1"]
[ECO "B07"]
[WhiteElo "2436"]
[BlackElo "2444"]
[Annotator "NA"]
[PlyCount "90"]
[EventDate "2018.06.29"]
[EventType "swiss"]
[EventRounds "9"]
[EventCountry "LTU"]
[SourceTitle "playchess.com"]
[Source "ChessBase"]
[SourceQuality "1"]
[TimeControl "40/5400+30:1800+30"]

1. e4 d6 2. d4 Nf6 3. Nc3 g6 4. Be3 c6 5. Qd2 Nbd7 6. Nf3 Bg7 7. Bd3 O-O 8. Bh6 e5 9. h4 exd4 10. Ne2 Bxh6 11. Qxh6 Qa5+ 12. Kf1 Ng4 13. Qf4 Nde5 14. Nfxd4 Nxd3 15. cxd3 f5 16. exf5 Bxf5 17. Nxf5 Qxf5 18. Qxf5 Rxf5 19. f3 Re8 20. Re1 Re3 21. Ng3 Rc5 22. Rxe3 Nxe3+ 23. Kf2 Nd5 24. Re1 Nf4 25. Re7 Rc2+ 26. Kf1 Rc1+ 27. Kf2 Nxd3+ 28. Ke3 Re1+ 29. Ne2 Nc1 30. Kd2 Rxe2+ 31. Rxe2 Nxe2 32. Kxe2 Kf7 33. Ke3 Ke6 34. Kd4 c5+ 35. Kc4 b6 36. g3 d5+ 37. Kd3 Ke5 38. a4 a6 39. Ke3 b5 40. axb5 axb5 41. Kd3 c4+ 42. Kc3 d4+ 43. Kd2 b4 44. Ke2 Kd5 45. Kd2 b3 0-1

[Event "Panevezys Elite 2018"]
[Site "Panevezys"]
[Date "2018.07.05"]
[Round "8"]
[White "Harutjunyan, Gevorg"]
[Black "Grib, Roman"]
[Result "1-0"]
[ECO "C12"]
[WhiteElo "2428"]
[BlackElo "2445"]
[Annotator "NA"]
[PlyCount "83"]
[EventDate "2018.06.29"]
[EventType "swiss"]
[EventRounds "9"]
[EventCountry "LTU"]
[SourceTitle "playchess.com"]
[Source "ChessBase"]
[SourceQuality "1"]
[TimeControl "40/5400+30:1800+30"]

1. e4 e6 2. d4 d5 3. Nc3 Nf6 4. Bg5 Bb4 5. e5 h6 6. Bd2 Bxc3 7. bxc3 Ne4 8. Qg4 Kf8 9. Nf3 c5 10. Bd3 Nxd2 11. Kxd2 Nc6 12. h4 c4 13. Be2 b5 14. Qf4 Rb8 15. a3 a5 16. g4 g6 17. Qf6 Rg8 18. Ke3 Ke8 19. Rhb1 Qe7 20. Ne1 Qxf6 21. exf6 e5 22. dxe5 g5 23. f4 gxh4 24. Bf3 Nd8 25. f5 h5 26. Kf4 hxg4 27. Bxg4 Rb6 28. Nf3 Bb7 29. Nd4 Ba6 30. Bf3 Nc6 31. Bxd5 Nxd4 32. cxd4 Bb7 33. Bxc4 h3 34. e6 fxe6 35. fxe6 Rh8 36. Bxb5+ Kd8 37. e7+ Kc7 38. e8=Q Rxf6+ 39. Ke5 Rxe8+ 40. Bxe8 Rf2 41. Rxb7+ Kxb7 42. Bg6 1-0

[Event "Panevezys Elite 2018"]
[Site "Panevezys"]
[Date "2018.07.05"]
[Round "8"]
[White "Badelka, Olga"]
[Black "Juksta, Karolis"]
[Result "1-0"]
[ECO "E00"]
[WhiteElo "2407"]
[BlackElo "2187"]
[Annotator "NA"]
[PlyCount "65"]
[EventDate "2018.06.29"]
[EventType "swiss"]
[EventRounds "9"]
[EventCountry "LTU"]
[SourceTitle "playchess.com"]
[Source "ChessBase"]
[SourceQuality "1"]
[TimeControl "40/5400+30:1800+30"]

1. d4 e6 2. c4 Bb4+ 3. Bd2 Bxd2+ 4. Qxd2 Nf6 5. Nf3 O-O 6. g3 Qe7 7. Bg2 d6 8. O-O e5 9. Nc3 Bg4 10. dxe5 dxe5 11. h3 Bh5 12. Rfd1 Nc6 13. g4 Bg6 14. Nd5 Qd6 15. Qg5 Rfd8 16. c5 Qxc5 17. Nxf6+ gxf6 18. Qxf6 Qc2 19. Re1 Qxb2 20. Nh4 Nd4 21. Nxg6 hxg6 22. Qxe5 Re8 23. Qxc7 Nxe2+ 24. Kh1 Qf6 25. Qxb7 Qxf2 26. Qf3 Qd4 27. Rad1 Qa4 28. Rf1 Qxa2 29. Rd7 Rf8 30. Qd3 Rab8 31. Bd5 Ng3+ 32. Qxg3 Qe2 33. Bxf7+ 1-0

[Event "Panevezys Elite 2018"]
[Site "Panevezys"]
[Date "2018.07.05"]
[Round "8"]
[White "Krivonosov, Oleg"]
[Black "Bekasovs, Rihards"]
[Result "1/2-1/2"]
[ECO "A05"]
[WhiteElo "2399"]
[BlackElo "2052"]
[Annotator "NA"]
[PlyCount "25"]
[EventDate "2018.06.29"]
[EventType "swiss"]
[EventRounds "9"]
[EventCountry "LTU"]
[SourceTitle "playchess.com"]
[Source "ChessBase"]
[SourceQuality "1"]
[TimeControl "40/5400+30:1800+30"]

1. Nf3 Nf6 2. c4 e6 3. g3 b6 4. Bg2 Bb7 5. O-O Be7 6. Nc3 O-O 7. d4 Ne4 8. Nxe4 Bxe4 9. Nh4 Bxg2 10. Nxg2 d5 11. Qa4 Qd7 12. Qxd7 Nxd7 13. cxd5 1/2-1/2

[Event "Panevezys Elite 2018"]
[Site "Panevezys"]
[Date "2018.07.05"]
[Round "8"]
[White "Van Osch, Mees"]
[Black "Vicas, Marijus"]
[Result "1-0"]
[ECO "C58"]
[WhiteElo "2324"]
[BlackElo "2184"]
[Annotator "NA"]
[PlyCount "109"]
[EventDate "2018.06.29"]
[EventType "swiss"]
[EventRounds "9"]
[EventCountry "LTU"]
[SourceTitle "playchess.com"]
[Source "ChessBase"]
[SourceQuality "1"]
[TimeControl "40/5400+30:1800+30"]

1. e4 e5 2. Nf3 Nc6 3. Bc4 Nf6 4. Ng5 d5 5. exd5 Na5 6. Bb5+ c6 7. dxc6 bxc6 8. Bd3 Be7 9. Nc3 Nd5 10. Nf3 Nf4 11. O-O Nxd3 12. cxd3 f6 13. Qa4 Rb8 14. Re1 Rb4 15. Qc2 Ba6 16. Re3 Bc5 17. d4 Bxd4 18. Nxd4 Rxd4 19. b3 Bd3 20. Qd1 Bg6 21. Ba3 Nb7 22. Qf3 Qd7 23. Ne4 Bxe4 24. Rxe4 Rxe4 25. Qxe4 Nd6 26. Qa4 Nb5 27. Bc5 Kf7 28. Qc4+ Qe6 29. a4 Nd4 30. Bxd4 Qxc4 31. bxc4 exd4 32. Rb1 Re8 33. Kf1 Re5 34. Rb7+ Re7 35. Rb4 Re5 36. Rb7+ Re7 37. Rb4 Re5 38. f4 Ra5 39. Ke2 Ke6 40. Kd3 Kd6 41. Rb7 Kc5 42. Rxg7 Rxa4 43. Rxh7 Ra3+ 44. Ke4 Kxc4 45. g4 Ra1 46. h4 Re1+ 47. Kf5 Kd3 48. Kxf6 Kxd2 49. g5 d3 50. g6 Rg1 51. h5 a5 52. h6 a4 53. Rd7 c5 54. g7 c4 55. h7 1-0

[Event "Panevezys Elite 2018"]
[Site "Panevezys"]
[Date "2018.07.05"]
[Round "8"]
[White "Brazdzionis, Andrius"]
[Black "Vovk, Ilja"]
[Result "1/2-1/2"]
[ECO "E94"]
[WhiteElo "2283"]
[BlackElo "2273"]
[Annotator "NA"]
[PlyCount "88"]
[EventDate "2018.06.29"]
[EventType "swiss"]
[EventRounds "9"]
[EventCountry "LTU"]
[SourceTitle "playchess.com"]
[Source "ChessBase"]
[SourceQuality "1"]
[TimeControl "40/5400+30:1800+30"]

1. d4 Nf6 2. Nf3 g6 3. c4 Bg7 4. Nc3 O-O 5. e4 d6 6. Be2 e5 7. O-O Nh5 8. dxe5 dxe5 9. Qxd8 Rxd8 10. Nd5 Na6 11. Bg5 f6 12. Be3 c6 13. Ne7+ Kf7 14. Nxc8 Raxc8 15. Bxa7 Nf4 16. Rfe1 Bf8 17. Bf1 Ne6 18. Bb6 Rd6 19. Rad1 c5 20. Rxd6 Bxd6 21. a3 Bc7 22. Bxc7 Naxc7 23. Rd1 Ke7 24. g3 Ne8 25. Rd3 Nd6 26. Rb3 Rc7 27. Bd3 b5 28. Nd2 Nd4 29. Rc3 b4 30. axb4 cxb4 31. Rc1 Nb7 32. Ra1 Rd7 33. Bf1 Nc2 34. Ra7 Nc5 35. Rxd7+ Kxd7 36. Be2 Nd4 37. Bd1 Kd6 38. Kf1 Nd3 39. b3 Nc5 40. f3 Nd3 41. Be2 Nc1 42. Bd1 Kc5 43. Kf2 Na2 44. f4 Nc1 1/2-1/2

[Event "Panevezys Elite 2018"]
[Site "Panevezys"]
[Date "2018.07.05"]
[Round "8"]
[White "Malinin, Yuri"]
[Black "Kalinowska, Zuzanna"]
[Result "1/2-1/2"]
[ECO "A05"]
[WhiteElo "2197"]
[BlackElo "1966"]
[Annotator "NA"]
[PlyCount "56"]
[EventDate "2018.06.29"]
[EventType "swiss"]
[EventRounds "9"]
[EventCountry "LTU"]
[SourceTitle "playchess.com"]
[Source "ChessBase"]
[SourceQuality "1"]
[TimeControl "40/5400+30:1800+30"]

1. Nf3 Nf6 2. c4 Nc6 3. d4 e6 4. a3 d6 5. Nc3 g6 6. d5 Ne7 7. e4 Bg7 8. Bg5 h6 9. Be3 O-O 10. h3 c6 11. dxe6 Bxe6 12. Nd4 d5 13. Qc2 Qc8 14. cxd5 cxd5 15. Nxe6 Qxe6 16. Bd3 Rac8 17. Qb3 Rfd8 18. Bxa7 dxe4 19. Qxe6 fxe6 20. Bb5 Nfd5 21. O-O b6 22. Ba6 Rxc3 23. bxc3 Ra8 24. Bxb6 Nxb6 25. Bb7 Ra4 26. Rab1 Ned5 27. Bxd5 Nxd5 28. Rb8+ Kf7 1/2-1/2